 Dungeon Crawl Stone Soup version 0.19.0-20-gbc5f0c6 (webtiles) character file.

1007 Nimsei the Cudgeler (level 8, -3/94 HPs)
             Began as a Demonspawn Abyssal Knight on Nov 17, 2016.
             Was a Priest of Lugonu.
             Killed by divine providence
             ... invoked by an orc priest
              (12 damage)
             ... on level 6 of the Dungeon.
             The game lasted 00:30:57 (2943 turns).

Nimsei the Cudgeler (Demonspawn Abyssal Knight)     Turns: 2943, Time: 00:30:58

Health: -3/94      AC: 24    Str: 20    XL:     8   Next: 0%
Magic:  9/10       EV:  2    Int: 14    God:    Lugonu [***...]
Gold:   139        SH:  0    Dex: 12    Spells: 0 memorised, 7 levels left

rFire  . . .     SeeInvis .     A - +0 hand axe (chop)
rCold  . . .     Gourm    .     (armour currently unavailable)
rNeg   + + +     Faith    .     (no shield)
rPois  +         Spirit   .     (helmet currently unavailable)
rElec  .         Reflect  .     (cloak currently unavailable)
rCorr  .         Harm     .     (gloves currently unavailable)
MR     .....     NoTele   +     (boots currently unavailable)
Stlth  ++++......               (no amulet)
                                (no ring)
                                b - +1 ring of evasion

@: mighty, tree-form (expiring), slowed, very slow
A: nightstalker 2, (spiny 0), (sanguine armour 0)
a: Depart the Abyss, Bend Space, Banish, Renounce Religion


You were on level 6 of the Dungeon.
You worshipped Lugonu.
Lugonu was most pleased with you.
You were not hungry.
You were a tree.
You visited 1 branch of the dungeon, and saw 6 of its levels.
You visited the Abyss 1 time.
You also visited: Ossuary.

You collected 139 gold pieces.

Inventory:

Hand Weapons
 a - a +1 mace
 f - a +0 dagger of protection
 g - a +0 war axe
 j - a cursed -1 hand axe
 A - a +0 hand axe of chopping (weapon)
Armour
 l - a +1 plate armour (melded)
 o - a +0 pair of gloves (melded)
 r - a +0 scale mail
Jewellery
 b - a +1 ring of evasion (left branch)
Scrolls
 e - 2 scrolls of recharging
 m - a scroll of amnesia
 s - a scroll of magic mapping
 y - 2 scrolls of remove curse
Potions
 t - a potion of brilliance
 x - 2 potions of flight
Comestibles
 c - 4 bread rations
 d - 3 meat rations


   Skills:
 + Level 5.4 Fighting
 + Level 1.2(3.7) Axes
 + Level 5.6(5.7) Maces & Flails
 + Level 4.2 Armour
 + Level 1.7 Dodging
 + Level 1.3 Stealth
 + Level 2.8 Invocations


You had 7 spell levels left.
You didn't know any spells.

Dungeon Overview and Level Annotations

Branches:
Dungeon (6/15)
 Temple: D:4-7

Altars:


Innate Abilities, Weirdness & Mutations

You are significantly more attuned to the shadows.
((You are partially covered in sharp spines.))
((When seriously injured, your bleeding wounds create armour. (AC +0)))


Message History

You cannot move.
You cannot move.
You cannot move.
You cannot move.
You cannot move.
You cannot move.
You cannot move.
You cannot move.
You cannot move.
You cannot move.
As you read the scroll of fog, it crumbles to dust.
The scroll dissolves into smoke.
You barely miss the orc priest.
The orc priest is heavily wounded.
The orc priest hits you but does no damage.
You hit the orc priest.
The orc priest is almost dead.
The orc priest invokes the aid of Beogh against you.
Beogh smites you!
You die...

##########
......§..#.....
....§§§..#.....
....§♣§..+.....
...##§o.##...#
...##.§.##...#
........)))?.#
.o......####+#
........##...
.............
...##...##...
... #..[# ..


You could see an orc priest.

Vanquished Creatures
  A wraith (Ossuary)
  2 ogres
  A necrophage (D:5)
  A bullfrog (D:6)
  A crimson imp (D:6)
  A jelly (D:5)
  3 orc wizards
  A centaur skeleton (D:3)
  An orc priest (D:3)
  4 iguanas
  A worker ant (D:4)
  A mummy (Ossuary)
  4 gnolls (D:3)
  8 adders
  A shadow imp (D:5)
  2 worms (D:5)
  2 leopard geckos
  14 orcs
  6 bats
  4 giant cockroaches
  6 goblins
  9 hobgoblins
  7 jackals
  A quokka (D:6)
  3 frilled lizards
  5 gnoll skeletons (Ossuary)
  A kobold (D:3)
  4 kobold skeletons (Ossuary)
  16 orc skeletons (Ossuary)
  3 rats
114 creatures vanquished.

Notes
Turn   | Place    | Note
-------+----------+-------------------------------------------
     0 | Abyss:1  | Nimsei the Demonspawn Abyssal Knight began the quest for the Orb.
     0 | Abyss:1  | Reached XP level 1. HP: 18/18 MP: 2/2
    45 | D:1      | Escaped the Abyss
    45 | D:1      | Noticed a yellow draconian
    45 | D:1      | Noticed an iron dragon
    47 | D:1      | Noticed a red draconian
    51 | D:1      | Noticed a tentacled monstrosity
    51 | D:1      | Noticed a large abomination
    53 | D:1      | Noticed an ice dragon
    54 | D:1      | Noticed an iron dragon
    55 | D:1      | Noticed a large abomination
    56 | D:1      | Noticed a shadow dragon
    58 | D:1      | Noticed a tentacled monstrosity
    60 | D:1      | Noticed an iron dragon
    63 | D:1      | Noticed an ice dragon
    63 | D:1      | Noticed an ice dragon
    65 | D:1      | Noticed a tentacled monstrosity
    65 | D:1      | Noticed an iron dragon
    67 | D:1      | Noticed a large abomination
    67 | D:1      | Noticed a tentacled monstrosity
   180 | D:1      | Gained mutation: You are partially covered in sharp spines. [demonic ancestry]
   180 | D:1      | Reached XP level 2. HP: 14/24 MP: 3/3
   216 | D:1      | Reached * piety under Lugonu
   216 | D:1      | Reached skill level 1 in Dodging
   687 | D:2      | Gained mutation: When seriously injured, your bleeding wounds create armour. (AC +0) [demonic ancestry]
   687 | D:2      | Reached XP level 3. HP: 28/29 MP: 4/4
  1053 | D:3      | Reached XP level 4. HP: 28/36 MP: 6/6
  1132 | D:3      | Reached ** piety under Lugonu
  1215 | D:3      | Reached XP level 5. HP: 19/42 MP: 7/7
  1265 | D:3      | Noticed an ogre
  1275 | D:3      | Killed an ogre
  1635 | D:3      | Reached skill level 1 in Stealth
  1635 | D:3      | Gained mutation: You are slightly more attuned to the shadows. [demonic ancestry]
  1635 | D:3      | Reached XP level 6. HP: 34/48 MP: 8/8
  1813 | D:4      | Found a sand-covered staircase.
  1835 | Ossuary  | Entered an ossuary
  1835 | Ossuary  | Noticed a wraith
  1835 | Ossuary  | Noticed a wraith
  1840 | Ossuary  | Noticed a wraith
  1971 | Ossuary  | Reached *** piety under Lugonu
  2039 | Ossuary  | Noticed a wraith
  2067 | Ossuary  | Killed a wraith
  2067 | Ossuary  | Gained mutation: You are significantly more attuned to the shadows. [demonic ancestry]
  2067 | Ossuary  | Reached XP level 7. HP: 12/55 MP: 9/9
  2232 | D:5      | Entered Level 5 of the Dungeon
  2284 | D:5      | Reached skill level 5 in Maces & Flails
  2343 | D:5      | Reached skill level 5 in Fighting
  2910 | D:6      | Reached skill level 1 in Axes
  2938 | D:6      | Reached XP level 8. HP: 15/63 MP: 10/10
  2943 | D:6      | Killed from afar by an orc priest

Skill      XL: |  1  2  3  4  5  6  7 |
---------------+----------------------+-----
Maces & Flails | 2 3 4 5 |  5.6
Dodging        | 1 |  1.7
Armour         | 2 3 4 |  4.2
Fighting       | 4 5 |  5.4
Stealth        | 1 |  1.3
Axes           | 1 |  1.2
Invocations    | |  2.8

Action                   |  1- 3 |  4- 6 |  7- 9 || total
-------------------------+-------+-------+-------++-------
Melee: Mace              |    81 |   140 |    34 ||   255
       Hand axe          |       |       |    53 ||    53
Invok: Depart the Abyss  |     1 |       |       ||     1
       Bend Space        |       |       |     2 ||     2
  Use: Scroll            |     2 |     4 |     8 ||    14
       Potion            |       |     2 |     6 ||     8
 Stab: Invisible         |       |     1 |       ||     1
  Eat: Fruit             |     1 |     4 |       ||     5
       Meat ration       |       |       |     1 ||     1
       Pizza             |       |       |     1 ||     1
Armor: Leather armour    |    19 |       |       ||    19
       Plate armour      |    35 |   136 |    64 ||   235
       Skin              |       |       |     4 ||     4
Dodge: Dodged            |    63 |    32 |    20 ||   115
